 Dungeon Crawl Stone Soup version 0.26-a0-505-g732bf3b8d2 (webtiles) character file.

Game seed: 4650033302844654760

6753 KristoblXynda the Blocker (level 10, -9/81 HPs)
             Began as a Minotaur Fighter on Aug 9, 2020.
             Was an Initiate of Ru.
             Mangled by a white ugly thing (17 damage)
             ... on level 9 of the Dungeon.
             The game lasted 00:10:27 (9274 turns).

KristoblXynda the Blocker (Minotaur Fighter)        Turns: 9274, Time: 00:10:28

Health: -9/81      AC: 14    Str: 23    XL:     10   Next: 75%
Magic:  9/9        EV: 13    Int:  6    God:    Ru [......]
Gold:   453        SH: 12    Dex: 10    Spells: 9/9 levels left

rFire    . . .     SeeInvis .   a - +0 war axe
rCold    . . .     Faith    .   c - +0 kite shield
rNeg     . . .     Spirit   .   t - +0 acid dragon scales
rPois    .         Reflect  .   (helmet restricted)
rElec    .         Harm     .   i - +0 cloak
rCorr    +                      (no gloves)
MR       .....                  (no boots)
Stlth    ..........             (no amulet)
HPRegen  0.23/turn              f - +4 ring of protection
MPRegen  0.11/turn              (no ring)

@: no status effects
A: retaliatory headbutt, horns 2, no stealth
a: Renounce Religion


You were on level 9 of the Dungeon.
You worshipped Ru.
Ru was noncommittal.
You visited 2 branches of the dungeon, and saw 10 of its levels.

You collected 453 gold pieces.

Inventory:

Hand Weapons
 a - a +0 war axe (weapon)
 y - a +1 morningstar of holy wrath
Missiles
 m - 3 throwing nets (quivered)
Armour
 b - a +0 plate armour
 c - a +0 kite shield (worn)
 i - a +0 cloak (worn)
 t - +0 acid dragon scales (worn)
Jewellery
 f - a +4 ring of protection (left hand)
Wands
 r - a wand of iceblast (20)
 v - a wand of digging (16)
Scrolls
 g - 6 scrolls of remove curse
 l - a scroll of magic mapping
 q - a scroll of teleportation {unknown}
 u - a scroll of enchant weapon {unknown}
 w - a scroll of immolation {unknown}
 x - a scroll of acquirement {unknown}
Potions
 d - 4 potions of might
 e - 4 potions of ambrosia
 h - 3 potions of brilliance
 j - 2 potions of curing
 k - 2 potions of lignification
 n - 2 potions of cancellation
 o - a potion of magic
 p - a potion of stabbing
 s - a potion of haste


   Skills:
 - Level 5.0 Fighting
 + Level 10.2 Axes
 + Level 10.4 Armour
 - Level 7.0 Dodging
 + Level 10.4 Shields
 + Level 3.6 Evocations


You had 9 spell levels left.
You didn't know any spells.
Your spell library was empty.

Dungeon Overview and Level Annotations

Branches:
Dungeon (9/15)             Temple (1/1) D:7
   Lair: D:8-11         Orc: D:9-12

Altars:
Ashenzari
Cheibriados
Dithmenos
Elyvilon
Fedhas
Gozag
Hepliaklqana
Kikubaaqudgha
Makhleb
Nemelex Xobeh
Okawaru
Qazlal
Ru
Sif Muna
Trog
Uskayaw
Vehumet
Wu Jian
Xom
Yredelemnul
Zin
The Shining One


Innate Abilities, Weirdness & Mutations

You reflexively headbutt those who attack you in melee.
You have a pair of horns on your head.
You cannot be stealthy.


Message History

The white ugly thing is moderately wounded.
You block the white ugly thing's attack.
You barely miss the white ugly thing. You headbutt the white ugly thing.
The white ugly thing is moderately wounded.
The white ugly thing headbutts you! The white ugly thing freezes you!!
* * * LOW HITPOINT WARNING * * *
You hit the white ugly thing.
The white ugly thing is moderately wounded.
A wyvern comes into view.
The white ugly thing barely misses you.
Unknown command.
Okay, then.
As you read the scroll labeled GELUNGA KYWNU, it crumbles to dust.
You feel aware of your surroundings.
You sensed 1 shop/portal.
It was a scroll of magic mapping.
The wyvern hisses angrily.
The white ugly thing headbutts you!
* * * LOW HITPOINT WARNING * * *
The white ugly thing freezes you!
You die...

*,,,,,,,,,,,,***,*#.###.#.#.#)##
**,,,,,,,,,,***,,###.###.#[#)###
*,,,,,,,,,,***,##.#.##.#.#†#.##
*,,,,,,,,,,**,,#..##.##.#.#.###
*,,,,,,,,,,,,,##.#.#)###.#.###.
*,,,,,,,,,,*,,#..#†##.###)###.#
*,,,,,,*,,,*,###.##.#)##.#.###.
*,,,,,,****,,#.##.#.##.##.#####
******** *,*#@...##...##.##..)
**,#u#########.##.##.#
*,,#c*#...†[.#..##.##.
**,*#T*#..###.#..##.##.
*,,*#z*##.#)..#.##...## **,**#F*
#.#####.##...##
*,,**#.**##.....##.....#
**,***l:,* #.....##.....# *,,*
*,*,* ##...##.##.##.


You could see a white ugly thing, a troll, a wyvern, a bullfrog, a centaur and a
wight.

Vanquished Creatures
  Harold (D:8)
  A two-headed ogre (D:9)
  Psyche (D:9)
  2 trolls (D:9)
  A hippogriff (D:9)
  A water moccasin (D:9)
  3 sky beasts
  7 orc warriors
  6 ogres
  The ghost of ANON1729 the Sneak, an amateur PaDe (D:5)
  A black bear (D:6)
  6 phantoms
  3 centaurs
  A big kobold (D:8)
  3 bullfrogs
  2 scorpions
  A water moccasin skeleton (D:9)
  4 wights (D:8)
  4 howler monkeys
  A bullfrog zombie (D:5)
  3 hounds
  An iron imp (D:6)
  A jelly (D:8)
  2 orc priests
  5 orc wizards
  2 bullfrog skeletons
  A centaur skeleton (D:8)
  2 iguanas
  11 worker ants
  Ijyb (D:5)
  A killer bee zombie (D:7)
  A hound zombie (D:6)
  2 hound skeletons (D:8)
  Robin (D:3)
  2 worker ant zombies
  3 gnolls (D:8)
  A howler monkey skeleton (D:4)
  14 adders
  2 shadow imps
  An ufetubus (D:6)
  An ooze (D:4)
  2 adder skeletons
  A worm (D:2)
  2 dart slugs
  5 leopard geckos
  44 orcs
  7 bats
  6 giant cockroaches
  19 goblins
  6 hobgoblins
  13 jackals
  9 kobolds
  2 quokkas
  3 ball pythons
  2 frilled lizards
  A jackal skeleton (D:4)
  A leopard gecko zombie (D:7)
  5 rats
236 creatures vanquished.

Vanquished Creatures (others)
  An orc (D:8)
  2 fungi (D:5)
3 creatures vanquished.

Grand Total: 239 creatures vanquished

Notes
Turn   | Place    | Note
-------+----------+-------------------------------------------
     0 | D:1      | KristoblXynda the Minotaur Fighter began the quest for the
                  | Orb.
     0 | D:1      | Reached XP level 1. HP: 19/19 MP: 0/0
   137 | D:1      | Reached XP level 2. HP: 26/26 MP: 1/1
   254 | D:1      | Reached skill level 1 in Dodging
   901 | D:2      | Reached XP level 3. HP: 31/31 MP: 2/2
  1832 | D:3      | Reached XP level 4. HP: 39/39 MP: 3/3
  2271 | D:3      | Noticed Robin
  2282 | D:3      | Killed Robin
  2294 | D:3      | Found a stormy altar of Qazlal.
  2584 | D:4      | Reached XP level 5. HP: 43/45 MP: 4/4
  2736 | D:4      | Reached skill level 5 in Shields
  2848 | D:4      | Reached skill level 5 in Armour
  2959 | D:4      | Reached XP level 6. HP: 51/51 MP: 5/5
  3301 | D:4      | Reached skill level 5 in Axes
  3411 | D:4      | Reached XP level 7. HP: 49/57 MP: 6/6
  3622 | D:5      | Entered Level 5 of the Dungeon
  3662 | D:5      | Noticed Ijyb
  3679 | D:5      | Killed Ijyb
  4410 | D:5      | Reached XP level 8. HP: 60/67 MP: 7/7
  4501 | D:5      | Found a runed translucent gate.
  4502 | D:5      | Found a runed translucent gate.
  4503 | D:5      | Found a runed translucent gate.
  4517 | D:5      | Noticed ANON1729's ghost (amateur PaDe)
  4535 | D:5      | Killed ANON1729's ghost
  4753 | D:5      | Reached skill level 5 in Fighting
  4867 | D:6      | Found a snail-covered altar of Cheibriados.
  4997 | D:6      | Reached skill level 5 in Dodging
  5396 | D:6      | Reached XP level 9. HP: 55/74 MP: 8/8
  5774 | D:7      | Found a staircase to the Ecumenical Temple.
  5815 | Temple   | Entered the Ecumenical Temple
  5889 | Temple   | Became a worshipper of Ru the Awakened
  7061 | D:8      | Noticed Harold
  7085 | D:8      | Killed Harold
  7960 | D:8      | Reached XP level 10. HP: 81/81 MP: 9/9
  8084 | D:8      | Reached skill level 1 in Evocations
  8793 | D:9      | Gained mutation: You cannot be stealthy. [Ru sacrifice]
  9040 | D:9      | Noticed Psyche
  9062 | D:9      | Killed Psyche
  9062 | D:9      | Reached skill level 10 in Armour
  9084 | D:9      | Reached skill level 10 in Shields
  9256 | D:9      | Noticed a two-headed ogre
  9259 | D:9      | Noticed a white ugly thing
  9269 | D:9      | Killed a two-headed ogre
  9269 | D:9      | Reached skill level 10 in Axes
  9274 | D:9      | Mangled by a white ugly thing

Illustrated notes

Levels and vault maps discovered:
D:1:      eino_arrival_cavern_e, layout_basic, chequers_hall_statues_y,
          serial_bayou_pond_a, minmay_misc_feat_iff,
          minmay_misc_feat_four_crosses
D:2:      layout_basic
D:3:      layout_loops_ring, grunt_qazlal_clouds, uniq_robin
D:4:      layout_cave_pools, minmay_between
D:5:      layout_loops_ring, ebering_ghost_rock_garden, serial_aquarium,
          aquarium_bridge_island_small [aquarium_subvault_small_water,
          aquarium_subvault_bridge, aquarium_subvault_wall,
          aquarium_subvault_bridge, aquarium_subvault_wall], aquarium_window_1,
          aquarium_window_corridor_1, aquarium_window_corner, aquarium_view_2c,
          aquarium_balcony_5b, minmay_small_thing, uniq_ijyb
D:6:      layout_rooms, slow_altar_2
D:7:      layout_gridville, minmay_temple_entry_arrows, wad_floor_pattern_1
D:8:      layout_loops_corners, uniq_harold
D:9:      minmay_the_grid_triangle_9x9_rhombus_full
          [minmay_the_grid_triangle_9x9_empty,
          minmay_the_grid_triangle_9x9_warning,
          minmay_the_grid_triangle_9x9_alien,
          minmay_the_grid_triangle_9x9_impossible_snake,
          minmay_the_grid_triangle_9x9_checkered,
          minmay_the_grid_triangle_9x9_longest,
          minmay_the_grid_triangle_9x9_intruding_spiral,
          minmay_the_grid_triangle_9x9_prize_center], layout_basic,
          serial_shops, shop_statue, uniq_psyche
Temple:   roderic_octagonal_lattice_temple

Skill      XL: |  1  2  3  4  5  6  7  8  9 10 |
---------------+-------------------------------+-----
Dodging        | 1 2 3 4 5 7 |  7.0
Armour         | 4 5 6 7 9 10 | 10.4
Shields        | 4 5 6 7 9 10 | 10.4
Axes           | 3 4 5 6 7 9 10 | 10.2
Fighting       | 4 5 |  5.0
Evocations     | 3 |  3.6

Action                   |  1- 3 |  4- 6 |  7- 9 | 10-12 || total
-------------------------+-------+-------+-------+-------++-------
Melee: War axe           |    81 |   140 |   375 |   175 ||   771
       Headbutt          |     9 |    21 |    81 |    36 ||   147
Invok: Sacrifice Stealth |       |       |       |     1 ||     1
Evoke: Wand              |       |       |     5 |     1 ||     6
  Use: Scroll            |     5 |     2 |     1 |     3 ||    11
       Potion            |       |       |     1 |     1 ||     2
Armor: Scale mail        |    40 |    69 |    34 |       ||   143
       Acid dragon scale |       |       |   110 |    57 ||   167
Dodge: Dodged            |    36 |    53 |   141 |    74 ||   304
Block: Kite shield       |    32 |    98 |   215 |    99 ||   444

Table legend: (Time is in decaauts)
 A = Elapsed time spent in this place.
 B = Non-inter-level travel time spent in this place.
 C = Inter-level travel time spent in this place.
 D = Time resting spent in this place.
 E = Time spent auto-exploring this place.
 F = Levels seen in this place.
 G = Mean time per level.
                   A        B        C        D        E       F      G
               +--------+--------+--------+--------+--------+-----+--------+
         Total |   9446 |   9264 |    182 |   1745 |   5419 |  10 |  944.6 |
       Dungeon |   9142 |   8982 |    160 |   1745 |   5160 |   9 | 1015.8 |
        Temple |    303 |    281 |     22 |      0 |    259 |   1 |  303.0 |
               +--------+--------+--------+--------+--------+-----+--------+

Top non-repeatable levels by time:
     D:8: 2076 daAuts
     D:5: 1211 daAuts
     D:4: 1070 daAuts
     D:2: 928 daAuts
     D:1: 913 daAuts
     D:6: 901 daAuts
     D:3: 800 daAuts
     D:7: 756 daAuts
     D:9: 485 daAuts
  Temple: 303 daAuts
